 Dungeon Crawl Stone Soup version 0.16.1-28-gcc2312f (webtiles) character file.

1299 Kidiri the Sneak (level 8, 0/54 HPs)
             Began as a Halfling Assassin on May 27, 2015.
             Slain by a sky beast (4 damage)
             ... on level 5 of the Dungeon.
             The game lasted 01:20:12 (8435 turns).

Kidiri the Sneak (Halfling Assassin)                Turns: 8435, Time: 01:20:15

Health: 0/54       AC:  5    Str: 11    XL:     8   Next: 87%
Magic:  0/8        EV: 19    Int: 10    God:
Gold:   308        SH:  0    Dex: 18    Spells: 0 memorised, 7 levels left

rFire  . . .     SeeInvis .     m - +1 lightning rod (0/13)
rCold  . . .     Clarity  .     t - +2 robe
rNeg   . . .     SustAb   .     (no shield)
rPois  .         Gourm    .     (no helmet)
rElec  .         Spirit   +     d - +0 cloak
rCorr  .         Warding  .     (no gloves)
rMut   .         Stasis   .     (no boots)
MR     .....                    h - amulet of guardian spirit
Stlth  ++++......               (no ring)
                                (no ring)

@: not resistant to hostile enchantments, stealthy
A: mutation resistance 1
a: no special abilities


You were on level 5 of the Dungeon.
You were not hungry.

You visited 1 branch of the dungeon, and saw 5 of its levels.

You collected 308 gold pieces.

Inventory:

Hand weapons
 a - a +3 dagger of venom
 b - a +0 blowgun
 s - a +2 dagger
Missiles
 e - 14 poisoned needles
 l - 2 curare-tipped needles
 r - 6 needles of frenzy
Armour
 d - a +0 cloak (worn)
 t - a +2 robe (worn)
Rods
 m - a +1 lightning rod (0/13) (weapon)
   (You found it on level 4 of the Dungeon)
Jewellery
 h - an amulet of guardian spirit (around neck)
Magical devices
 q - a wand of polymorph (10)
Scrolls
 i - a scroll of teleportation {unknown}
 j - a scroll of amnesia
 k - a scroll of fog {unknown}
 v - a scroll of remove curse
 w - a scroll of enchant weapon {unknown}
Potions
 c - a potion of berserk rage {unknown}
 f - a potion of cure mutation {unknown}
 n - 2 potions of degeneration {unknown}
 u - a potion of ambrosia
 z - 2 potions of brilliance {unknown}
Comestibles
 g - 5 bread rations
 o - a royal jelly
 p - 5 fruits


   Skills:
 + Level 3.8 Fighting
 * Level 6.6 Short Blades
 + Level 5.4 Throwing
 * Level 5.7 Dodging
 * Level 7.4 Stealth
 + Level 0.0 Evocations


You had 7 spell levels left.
You didn't know any spells.

Dungeon Overview and Level Annotations

Branches:
Dungeon (5/15)
 Temple: D:4-7

Altars:
Cheibriados
Qazlal
Ru
The Shining One


Innate Abilities, Weirdness & Mutations

You are small and have problems with some larger weapons.
You are somewhat resistant to further mutation.


Message History

The orc priest calls down the wrath of Beogh upon you.
Something smites you!
* * * LOW HITPOINT WARNING * * *
Drink which item? (? for menu, Esc to quit)
Okay, then.
Wield which item (- for none, * to show all)? (? for menu, Esc to quit)
Your +3 dagger of venom stops dripping with poison.
m - a +1 lightning rod (2/13) (weapon)
The worker ant bites you but does no damage.
Aiming: Thunderbolt
Press: ? - help, Shift-Dir - straight line, f - worker ant
Aim: a worker ant The lightning hits the worker ant.
The worker ant is moderately wounded.
The lightning hits the orc priest.
The orc priest is moderately wounded.
Something hits you.
* * * LOW HITPOINT WARNING * * *
Something shocks you.
You die...

. ..## ##......##... .#
#..# #......## ## ...#
#..## ###.....##
....#####...###.....###
#....##...........## ..#
#.......#....##...# ..#
##....###....###..# ...
##..## #..)## #..# ....##
#..## #.@.# ##..#
#....##..# #.a.# ..# #
#......## #.o## .. #
##.....## #..#
##.....#####..# .
##...........).#
.##.............)## ..
........########..###...#
o.......# #.......#


You could see a worker ant and an orc priest.

Vanquished Creatures
  Grinder (D:4)
  An ice beast (D:5)
  A phantom (D:4)
  A sky beast (D:5)
  Sigmund (D:4)
  Duvessa (D:4)
  2 big kobolds (D:3)
  Dowan (D:4)
  A centaur skeleton (D:5)
  A hound (D:3)
  An iguana (D:3)
  Natasha (twice) (D:5)
  3 orc wizards
  6 gnolls (D:3)
  7 adders
  6 worms
  4 giant geckos
  11 orcs
  9 bats
  A bat skeleton (D:4)
  8 giant cockroaches
  34 goblins
  29 hobgoblins
  2 jackals (D:2)
  7 kobolds
  3 quokkas
  A giant cockroach zombie (D:5)
  3 giant newts
  11 rats
159 creatures vanquished.

Vanquished Creatures (collateral kills)
  A worker ant (D:5)
1 creature vanquished.

Vanquished Creatures (others)
  2 orcs (D:5)
  Natasha (D:5)
  A kobold (D:5)
4 creatures vanquished.

Grand Total: 164 creatures vanquished

Notes
Turn   | Place    | Note
--------------------------------------------------------------
     0 | D:1      | Kidiri, the Halfling Assassin, began the quest for the Orb.
     0 | D:1      | Reached XP level 1. HP: 14/14 MP: 1/1
   444 | D:1      | Reached XP level 2. HP: 10/19 MP: 2/2
  1078 | D:2      | Reached XP level 3. HP: 12/24 MP: 3/3
  1112 | D:2      | Found a sacrificial altar of Ru.
  1750 | D:2      | Reached XP level 4. HP: 21/30 MP: 4/4
  1821 | D:2      | Reached skill level 5 in Stealth
  2450 | D:3      | Found a stormy altar of Qazlal.
  2450 | D:3      | Noticed an air elemental
  2456 | D:3      | Noticed an earth elemental
  2456 | D:3      | Noticed a fire elemental
  2456 | D:3      | Noticed a water elemental
  2482 | D:3      | Found a glowing golden altar of the Shining One.
  2548 | D:3      | Reached XP level 5. HP: 12/35 MP: 5/5
  3720 | D:3      | Noticed a big kobold
  3732 | D:3      | Killed a big kobold
  3732 | D:3      | Reached XP level 6. HP: 41/41 MP: 6/6
  3743 | D:3      | Noticed a big kobold
  4303 | D:3      | Killed a big kobold
  4379 | D:3      | Reached XP level 7. HP: 14/46 MP: 7/7
  5408 | D:4      | Reached skill level 6 in Stealth
  6070 | D:4      | Noticed Sigmund
  6085 | D:4      | Killed Sigmund
  6085 | D:4      | Reached skill level 5 in Short Blades
  6125 | D:4      | Noticed Grinder
  6160 | D:4      | Paralysed by Grinder for 5 turns
  6641 | D:4      | Paralysed by Grinder for 3 turns
  6658 | D:4      | Killed Grinder
  6658 | D:4      | Reached XP level 8. HP: 16/52 MP: 8/8
  6928 | D:4      | Found a snail-covered altar of Cheibriados.
  6991 | D:4      | Reached skill level 5 in Dodging
  7356 | D:4      | Noticed Dowan
  7370 | D:4      | Noticed Duvessa
  7376 | D:4      | Killed Dowan
  7394 | D:4      | Killed Duvessa
  7394 | D:4      | Reached skill level 7 in Stealth
  7713 | D:5      | Entered Level 5 of the Dungeon
  7736 | D:5      | Reached skill level 5 in Throwing
  7737 | D:5      | Noticed Natasha
  7749 | D:5      | Killed Natasha
  7768 | D:5      | Noticed Natasha
  7775 | D:5      | Killed Natasha
  7790 | D:5      | Killed Natasha
  8435 | D:5      | Slain by a sky beast

Action                   |  1- 3 |  4- 6 |  7- 9 || total
-------------------------+-------+-------+-------++-------
Melee: Dagger            |   125 |   227 |   282 ||   634
       Unarmed           |       |       |     5 ||     5
 Fire: Blowgun           |     6 |    65 |    71 ||   142
Evoke: Rod               |       |       |    13 ||    13
  Use: Scroll            |       |       |    10 ||    10
       Potion            |       |       |     8 ||     8
 Stab: Sleeping          |     4 |     8 |     7 ||    19
       Distracted        |       |     2 |     3 ||     5
  Eat: Chunk             |     2 |     5 |     7 ||    14
       Beef jerky        |     1 |       |       ||     1
       Pizza             |       |     1 |       ||     1
       Fruit             |       |       |     3 ||     3
       Meat ration       |       |       |     1 ||     1
